 Dungeon Crawl Stone Soup version 0.23.2 (webtiles) character file.

Game seed: 4785016999731534351

54 Leeroy the Digger (level 4, 0/30 HPs)
             Began as a Formicid Earth Elementalist on Apr 11, 2019.
             Succumbed to an adder's poison
             ... on level 2 of the Dungeon.
             The game lasted 00:06:18 (1797 turns).

Leeroy the Digger (Formicid Earth Elementalist)     Turns: 1797, Time: 00:06:18

Health: 0/30       AC:  3    Str: 13    XL:     4   Next: 12%
Magic:  5/7        EV: 12    Int: 20    God:
Gold:   102        SH:  0    Dex: 11    Spells: 1/7 levels left

rFire    . . .     SeeInvis +   g - +0 short sword
rCold    . . .     Gourm    .   (no shield)
rNeg     . . .     Faith    .   c - +0 robe
rPois    +         Spirit   .   (helmet unavailable)
rElec    .         Reflect  .   (no cloak)
rCorr    .         Harm     .   (no gloves)
MR       .....                  (no boots)
Stlth    ++........             (no amulet)
HPRegen  0.10/turn              (no ring)
MPRegen  0.10/turn              (no ring)

@: brilliant, lethally poisoned (0 -> -1)
A: permanent stasis, dig shafts and tunnels, four strong arms, antennae 3,
rugged brown scales 1, poison resistance
a: Dig, Shaft Self


You were on level 2 of the Dungeon.
You were not hungry.

You visited 1 branch of the dungeon, and saw 2 of its levels.

You collected 102 gold pieces.

Inventory:

Hand Weapons
 g - a +0 short sword (weapon)
 n - a +0 club
 p - a +0 hand axe
Missiles
 a - 7 exploding tomahawks
 b - 64 stones (quivered)
 h - 16 arrows
 k - 27 sling bullets
Armour
 c - a +0 robe (worn)
 f - a +0 chain mail
 m - a +0 ring mail
Scrolls
 e - 3 scrolls of remove curse {unknown}
Comestibles
 d - 5 rations
 j - 3 chunks of flesh


   Skills:
 - Level 0.2 Fighting
 * Level 1.5 Short Blades
 - Level 2.1 Dodging
 - Level 2.5 Stealth
 - Level 2.1 Spellcasting
 + Level 1.1 Transmutations
 + Level 4.8 Earth Magic


You had one spell level left.
You knew the following spells:

 Your Spells              Type           Power        Failure   Level  Hunger
a - Sandblast             Erth           ####..       1%          1    #......
b - Passwall              Tmut/Erth      ####....     1%          2    ##.....
c - Stone Arrow           Conj/Erth      ###...       2%          3    ###....

Your spell library contained the following spells:

 Spells                   Type           Power        Failure   Level  Hunger
 Petrify                  Tmut/Erth      ####....     5%          4    #####..
 Lee's Rapid Deconstruct  Erth           ####......   7%          5    ######.


Dungeon Overview and Level Annotations

Branches:
Dungeon (2/15)

Altars:


Innate Abilities, Weirdness & Mutations

You cannot be hasted, slowed, berserked, paralysed or teleported.
You can dig through walls and to a lower floor.
Your four strong arms can wield two-handed weapons with a shield.
You have a pair of large antennae on your head. (SInv)
You are partially covered in rugged brown scales. (AC +1, +3% HP)
Your system is resistant to poisons. (rPois)


Message History

You feel sick.
* * * LOW HITPOINT WARNING * * *
You feel sick.
* * * LOW HITPOINT WARNING * * *
You feel sick.
* * * LOW HITPOINT WARNING * * *
You feel sick.
* * * LOW HITPOINT WARNING * * *
You feel sick.
Drop what? 16/52 slots (_ for help) (? for menu, Esc to quit)
Okay, then.
It was a potion of brilliance.
You feel clever all of a sudden.
It was a potion of mutation.
You feel extremely strange.
Molten scales grow over part of your body.
Your molten scales disappear.
You feel resistant to poisons.
Rugged brown scales grow over part of your body.
It was a potion of haste.
Your stasis prevents you from being hasted.
You die...

.......#......#
..#######.#.#.#
..^######.#.#.#
..........#...#
.........##..########
#.#.....##..........
#.............#.#.#
###.#.......#...#.###.##
#.#.#.##..##.@.>......
#.....##..#####.###.#.
###.#....... .#
#.####..... .# #.#
#..#### .# #.# #..# ..
.# .#


There were no monsters in sight!

Vanquished Creatures
  An adder (D:2)
  A dart slug (D:2)
  A leopard gecko (D:1)
  2 giant cockroaches (D:1)
  2 goblins (D:1)
  4 hobgoblins (D:1)
  8 jackals
  A quokka (D:2)
  A ball python (D:1)
  6 bats
  5 frilled lizards
  5 kobolds (D:1)
  4 rats (D:1)
41 creatures vanquished.

Vanquished Creatures (others)
  A kobold (D:1)
  A rat (D:1)
2 creatures vanquished.

Grand Total: 43 creatures vanquished

Notes
Turn   | Place    | Note
-------+----------+-------------------------------------------
     0 | D:1      | Leeroy the Formicid Earth Elementalist began the quest for
                  | the Orb.
     0 | D:1      | Reached XP level 1. HP: 13/13 MP: 3/3
   338 | D:1      | Reached skill level 4 in Earth Magic
   389 | D:1      | Reached XP level 2. HP: 12/19 MP: 5/5
   969 | D:1      | Reached XP level 3. HP: 16/24 MP: 6/6
  1168 | D:1      | Reached skill level 1 in Short Blades
  1353 | D:1      | Learned a level 2 spell: Passwall
  1357 | D:1      | Learned a level 3 spell: Stone Arrow
  1771 | D:2      | Reached XP level 4. HP: 8/30 MP: 3/7
  1793 | D:2      | HP: 1/30 [poisoned by an adder]
  1795 | D:2      | Gained mutation: You are partially covered in molten
                  | scales. (AC +2) [potion of mutation]
  1795 | D:2      | Lost mutation: You are partially covered in molten scales.
                  | (AC +2) [potion of mutation]
  1795 | D:2      | Gained mutation: Your system is resistant to poisons.
                  | (rPois) [potion of mutation]
  1795 | D:2      | Gained mutation: You are partially covered in rugged brown
                  | scales. (AC +1, +3% HP) [potion of mutation]
  1797 | D:2      | Succumbed to an adder's poison

Skill      XL: |  1  2  3 |
---------------+----------+-----
Earth Magic    | 4 |  4.8
Dodging        | 2 |  2.1
Short Blades   | 1 |  1.5
Fighting       | |  0.2
Stealth        | |  2.5
Spellcasting   | |  2.1
Transmutations | |  1.1

Action                   |  1- 3 |  4- 6 || total
-------------------------+-------+-------++-------
Melee: Unarmed           |    15 |       ||    15
       Short sword       |   122 |       ||   122
 Cast: Sandblast         |    16 |       ||    16
       Stone Arrow       |     2 |       ||     2
  Use: Potion            |       |     3 ||     3
 Stab: Sleeping          |     9 |       ||     9
  Eat: Chunk             |     3 |       ||     3
Armor: Robe              |    41 |       ||    41
Dodge: Dodged            |   137 |       ||   137
